 Dungeon Crawl Stone Soup version 0.21-a0-85-ga0cb861 (webtiles) character file.

15317 grindst0ne the Blocker (level 12, 0/153 HPs)
             Began as a Formicid Fighter on June 25, 2017.
             Was a Believer of Ru.
             Succumbed to a spiny frog's poison
             ... on level 1 of the Lair of Beasts.
             The game lasted 00:33:18 (16526 turns).

grindst0ne the Blocker (Formicid Fighter)          Turns: 16526, Time: 00:33:18

Health: 0/153      AC: 26    Str: 19    XL:     12   Next: 56%
Magic:  14/14      EV:  2    Int: 16    God:    Ru [**....]
Gold:   203        SH: 13    Dex: 14    Spells: 11/11 levels left

rFire    + . .     SeeInvis .   j - +5 executioner's axe (flame)
rCold    + . .     Gourm    .   c - +0 shield
rNeg     + + +     Faith    +   (armour currently unavailable)
rPois    +         Spirit   .   (helmet unavailable)
rElec    .         Reflect  .   (cloak currently unavailable)
rCorr    .         Harm     .   (gloves currently unavailable)
MR       +....                  (boots currently unavailable)
Stlth    +.........             m - amulet of faith
HPRegen  0.35/turn              K - ring of protection from cold
MPRegen  0.14/turn              Q - ring of protection from fire

@: brilliant, lethally poisoned (0 -> -11), tree-form, studying Armour
A: permanent stasis, dig shafts and tunnels, four strong arms, clever 1, low mp
1, weak 1, no hexes magic, no ice magic, no translocations magic
a: Renounce Religion


You were on level 1 of the Lair of Beasts.
You worshipped Ru.
Ru was pleased with you.
You were not hungry.
You were a tree.
You visited 3 branches of the dungeon, and saw 13 of its levels.
You also visited: Bailey.

You collected 617 gold pieces.
You spent 414 gold pieces at shops.

Inventory:

Hand Weapons
 j - a +5 executioner's axe of flaming (weapon)
Armour
 c - a +0 shield (worn)
 e - a +0 large shield
 D - a +0 plate armour (melded)
 G - a +2 cloak (melded)
Jewellery
 m - an amulet of faith (around neck)
 t - an uncursed ring of protection from cold
 v - a cursed ring of teleportation {unknown}
 B - an uncursed amulet of regeneration {unknown}
 C - an uncursed amulet of guardian spirit {unknown}
 K - a ring of protection from cold (left branch)
 Q - a ring of protection from fire (right branch)
Wands
 g - a wand of disintegration (13/24)
 A - a wand of confusion (27/48)
 J - a wand of lightning (10/15)
 L - a wand of polymorph (11/24)
 N - a wand of lightning (10/15)
Scrolls
 b - a scroll of enchant weapon
 h - a scroll of holy word
 k - 2 scrolls of enchant armour
 l - 4 scrolls of identify
 r - 2 scrolls of remove curse
 s - 6 scrolls of recharging
 F - a scroll of amnesia
Potions
 o - 2 potions of flight
 p - a potion of magic
 w - 2 potions of brilliance
Books
 a - a book of Geomancy

   Spells                             Type                      Level
   a - Sandblast                      Earth                        1
   b - Passwall                       Transmutation/Earth          2
   c - Stone Arrow                    Conjuration/Earth            3
   d - Petrify                        Transmutation/Earth          4
   e - Lee's Rapid Deconstruction     Earth                        5
 d - a manual of
Armour
 x - a book of Minor Magic

   Spells                             Type                      Level
   a - Magic Dart                     Conjuration                  1
   b - Blink                          Translocation                2
   c - Call Imp                       Summoning                    2
   d - Slow                           Hexes                        2
   e - Conjure Flame                  Conjuration/Fire             3
   f - Mephitic Cloud                 Conjuration/Poison/Air       3
Comestibles
 f - 2 bread rations
 i - 5 meat rations
 q - 9 royal jellies
 u - 6 chunks of flesh
 E - 11 fruits


   Skills:
 + Level 12.3 Fighting
   Level 2.0 Long Blades
 + Level 6.5 Axes
 - Level 10.0 Armour
 + Level 12.9 Shields
 - Level 6.1 Evocations


You had 11 spell levels left.
You didn't know any spells.

Dungeon Overview and Level Annotations

Branches:
Dungeon (11/15)            Temple (1/1) D:7            Lair (1/6) D:8
    Orc (0/2) D:9

Altars:
Ashenzari
Cheibriados
Dithmenos
Elyvilon
Fedhas
Gozag
Hepliaklqana
Kikubaaqudgha
Makhleb
Nemelex Xobeh
Okawaru
Qazlal
Ru
Sif Muna
Trog
Uskayaw
Vehumet
Wu Jian
Xom
Yredelemnul
Zin
The Shining One

Shops:
D:4 :   D:11 ?


Innate Abilities, Weirdness & Mutations

You cannot be hasted, slowed, berserked, paralysed or teleported.
You can dig through walls and to a lower floor.
Your four strong arms can wield two-handed weapons with a shield.
((You have a pair of large antennae on your head. (SInv)))
Your magical capacity is low. (-10% MP)
You cannot study or cast Hexes magic.
You cannot study or cast Ice magic.
You cannot study or cast Translocations magic.
Your mind is acute. (Int +2)
You are weak. (Str -2)


Message History

There is a lethal amount of poison in your body!
* * * LOW HITPOINT WARNING * * *
You feel very sick.
* * * LOW HITPOINT WARNING * * *
You feel very sick.
* * * LOW HITPOINT WARNING * * *
You feel sick.
* * * LOW HITPOINT WARNING * * *
You feel very sick.
* * * LOW HITPOINT WARNING * * *
You feel sick.
* * * LOW HITPOINT WARNING * * *
You feel sick.
* * * LOW HITPOINT WARNING * * *
You feel sick.
* * * LOW HITPOINT WARNING * * *
You feel sick.
* * * LOW HITPOINT WARNING * * *
You feel sick.
You die...

..............
##[.............
.#............. ##..
........... ...
#>.........
#.##.......... ..##.
#.............
......# ###..#.####.#
......###
##...#♣....#
.......###.....#†#.##
#.....#.......###
##..........##.....
##.##...............
#................#.#
....<...............
...................
...................


There were no monsters in sight!

Vanquished Creatures
  The ghost of grindst0ne the Fighter, a journeyman FoFi of Okawaru (D:9)
  A two-headed ogre (D:8)
  An orc knight (Bailey)
  2 ugly things
  2 cyclopes (D:11)
  2 spiny frogs (Lair:1)
  A guardian serpent (D:11)
  3 trolls
  Grinder (D:6)
  3 hippogriffs
  4 hogs (D:10)
  A human (D:10)
  5 yaks
  A steam dragon (D:8)
  7 hungry ghosts
  5 porcupines
  3 water moccasins
  9 orc warriors
  2 black bears
  4 ice beasts
  8 ogres
  A sky beast (D:5)
  7 centaurs
  2 big kobolds (D:9)
  6 bullfrogs
  A gnoll sergeant (D:11)
  4 scorpions
  A troll zombie (D:9)
  A water moccasin skeleton (D:10)
  6 killer bees
  3 wights (D:10)
  2 howler monkeys
  5 crimson imps
  4 hounds
  A quasit (D:10)
  A centaur zombie (D:6)
  2 centaur skeletons
  6 jellies
  8 orc priests
  Crazy Yiuf (D:2)
  9 orc wizards
  4 iguanas
  Jessica (D:3)
  Terence (D:3)
  9 worker ants
  5 ogre zombies (D:9)
  A hound zombie (D:6)
  2 hound skeletons
  4 gnolls (D:11)
  13 adders
  2 shadow imps
  An adder zombie (D:7)
  2 adder skeletons
  2 worms
  3 dart slugs
  5 leopard geckos
  49 orcs
  11 bats
  4 giant cockroaches
  6 goblins
  4 hobgoblins
  3 jackals (D:7)
  8 quokkas
  2 ball pythons (D:4)
  5 frilled lizards
  A hobgoblin zombie (D:9)
  A jackal skeleton (D:6)
  14 kobolds
  3 orc skeletons (D:9)
  15 orc zombies (D:9)
  6 rats
  2 fungi (D:8)
326 creatures vanquished.

Vanquished Creatures (collateral kills)
  A troll (D:11)
1 creature vanquished.

Vanquished Creatures (others)
  A two-headed ogre (D:11)
  A bullfrog skeleton (D:11)
  8 fungi (D:8)
  A plant (D:8)
11 creatures vanquished.

Grand Total: 338 creatures vanquished

Notes
Turn   | Place    | Note
-------+----------+-------------------------------------------
     0 | D:1      | grindst0ne the Formicid Fighter began the quest for the Orb.
     0 | D:1      | Reached XP level 1. HP: 18/18 MP: 1/1
   239 | D:1      | Reached XP level 2. HP: 24/24 MP: 2/2
   815 | D:1      | Reached XP level 3. HP: 29/29 MP: 3/3
  1393 | D:2      | Reached skill level 5 in Shields
  1393 | D:2      | Reached XP level 4. HP: 35/35 MP: 4/4
  1762 | D:2      | Reached XP level 5. HP: 30/41 MP: 5/5
  2112 | D:2      | Found a runed door.
  2185 | D:2      | Noticed Crazy Yiuf
  2190 | D:2      | Killed Crazy Yiuf
  2346 | D:3      | Reached skill level 5 in Armour
  2715 | D:3      | Noticed Jessica
  2728 | D:3      | Killed Jessica
  2728 | D:3      | Reached XP level 6. HP: 25/47 MP: 6/6
  2937 | D:3      | Noticed Terence
  2947 | D:3      | Killed Terence
  3357 | D:4      | Noticed an ogre
  3365 | D:4      | Killed an ogre
  3607 | D:4      | Noticed an ogre
  3610 | D:4      | Gained mutation: You occasionally shout uncontrollably at your foes. [potion of mutation]
  3610 | D:4      | Gained mutation: Your body sometimes deteriorates upon taking damage. [potion of mutation]
  3610 | D:4      | Gained mutation: You are partially covered in molten scales. (AC +2) [potion of mutation]
  3618 | D:4      | Killed an ogre
  3618 | D:4      | Reached XP level 7. HP: 52/52 MP: 7/7
  3687 | D:4      | Found Weneniy's Book Emporium.
  4267 | D:4      | Reached XP level 8. HP: 58/58 MP: 8/8
  4406 | D:5      | Entered Level 5 of the Dungeon
  5326 | D:5      | Reached skill level 5 in Fighting
  6153 | D:5      | Reached XP level 9. HP: 58/69 MP: 9/9
  7013 | D:6      | Noticed Grinder
  7036 | D:6      | Killed Grinder
  7719 | D:7      | Reached skill level 1 in Evocations
  7864 | D:7      | Reached skill level 10 in Armour
  7877 | D:7      | Found a radiant altar of Vehumet.
  8148 | D:7      | Found a staircase to the Ecumenical Temple.
  8368 | Temple   | Entered the Ecumenical Temple
  8648 | Temple   | Became a worshipper of Ru the Awakened
  8710 | D:8      | Reached XP level 10. HP: 69/80 MP: 10/12
  9152 | D:8      | Found a staircase to the Lair.
  9782 | D:8      | Noticed a two-headed ogre
  9792 | D:8      | Killed a two-headed ogre
  9792 | D:8      | Reached skill level 5 in Evocations
 10152 | D:8      | Reached skill level 10 in Shields
 10285 | D:9      | Found Soeleir's Book Shoppe.
 10347 | D:9      | Found a flagged portal.
 10356 | Bailey   | Entered a bailey
 10933 | Bailey   | Gained mutation: You cannot study or cast Ice magic. [Ru sacrifice]
 10933 | Bailey   | Gained mutation: You cannot study or cast Hexes magic. [Ru sacrifice]
 10933 | Bailey   | Gained mutation: You cannot study or cast Translocations magic. [Ru sacrifice]
 10933 | Bailey   | Reached * piety under Ru
 11421 | Bailey   | Reached XP level 11. HP: 63/90 MP: 15/15
 11701 | Bailey   | Reached skill level 10 in Fighting
 11718 | Bailey   | Noticed an orc knight
 11748 | Bailey   | Killed an orc knight
 11985 | D:9      | Noticed grindst0ne's ghost (journeyman FoFi)
 12221 | D:8      | Lost mutation: You occasionally shout uncontrollably at your foes. [potion of mutation]
 12221 | D:8      | Gained mutation: You are mostly covered in molten scales. (AC +3) [potion of mutation]
 12221 | D:8      | Gained mutation: You have an increased reservoir of magic. (+10% MP) [potion of mutation]
 12221 | D:8      | Gained mutation: Your muscles are strong. (Str +2) [potion of mutation]
 12222 | D:8      | Lost mutation: You have an increased reservoir of magic. (+10% MP) [potion of mutation]
 12222 | D:8      | Lost mutation: You are mostly covered in molten scales. (AC +3) [potion of mutation]
 12222 | D:8      | Lost mutation: You are partially covered in molten scales. (AC +2) [potion of mutation]
 12222 | D:8      | Lost mutation: Your muscles are strong. (Str +2) [potion of mutation]
 12222 | D:8      | Lost mutation: Your body sometimes deteriorates upon taking damage. [potion of mutation]
 12222 | D:8      | Gained mutation: Your mind is acute. (Int +2) [potion of mutation]
 12222 | D:8      | Gained mutation: You are weak. (Str -2) [potion of mutation]
 12222 | D:8      | Gained mutation: You have an increased reservoir of magic. (+10% MP) [potion of mutation]
 12535 | D:9      | Found a staircase to the Orcish Mines.
 12593 | D:9      | Reached skill level 1 in Axes
 13395 | D:9      | Killed grindst0ne's ghost
 13796 | D:10     | Entered Level 10 of the Dungeon
 13919 | D:10     | Found an opulent altar of Gozag.
 13985 | D:10     | Noticed a red ugly thing
 14002 | D:10     | Killed a red ugly thing
 15016 | D:11     | Reached XP level 12. HP: 80/100 MP: 18/18
 15318 | D:11     | Lost mutation: You have an increased reservoir of magic. (+10% MP) [Ru sacrifice]
 15318 | D:11     | Gained mutation: Your magical capacity is low. (-10% MP) [Ru sacrifice]
 15318 | D:11     | Reached ** piety under Ru
 15335 | D:11     | Reached skill level 5 in Axes
 15707 | D:11     | Found Eduicug's Magic Scroll Boutique.
 16051 | D:11     | Noticed a two-headed ogre
 16069 | D:11     | Killed a two-headed ogre
 16087 | D:11     | Bought a scroll of enchant weapon for 97 gold pieces
 16087 | D:11     | Bought a scroll of enchant weapon for 97 gold pieces
 16087 | D:11     | Bought a scroll of recharging for 123 gold pieces
 16087 | D:11     | Bought a scroll of enchant weapon for 97 gold pieces
 16486 | Lair:1   | Entered Level 1 of the Lair of Beasts
 16522 | Lair:1   | HP: 6/153 [poisoned by a spiny frog]
 16525 | Lair:1   | HP: 2/153 [poisoned by a spiny frog]
 16526 | Lair:1   | Succumbed to a spiny frog's poison

Vault maps used:
D:1:      dpeg_arrival_signposts, minmay_pentomino_o2
D:2:      uniq_crazy_yiuf_cottage
D:3:      kennysheep_jessica_study, uniq_terence
D:4:      serial_shops, nicolae_shop_stone, minmay_crystal_room
D:5:      first_bread
D:6:      uniq_grinder
D:7:      vehumet_crystals, minmay_temple_entry_enclosed_plants
D:8:      due_lair_maze_entry_diamond
D:9:      zombieorc1_lemuel, serial_shops, shop, enter_bailey_1
D:10:     basic_altar, grunt_livestock
D:11:     serial_shops, nicolae_shop_statue_plus,
          nrook_guardian_serpent_ordinary
Temple:   roderic_octagonal_lattice_temple
Lair:1:   st_stairs_3, beast_lair_carwin_11, grunt_megastairs_5
Bailey:   bailey_polearm_2, bailey

Skill      XL: |  1  2  3  4  5  6  7  8  9 10 11 12 |
---------------+-------------------------------------+-----
Shields        | 4 5 6 7 8 10 12 | 12.9
Armour         | 4 5 6 7 8 10 | 10.0
Fighting       | 5 8 9 11 12 | 12.3
Evocations     | 2 6 |  6.1
Axes           | 4 6 |  6.5
Long Blades    | |  2.0

Action                   |  1- 3 |  4- 6 |  7- 9 | 10-12 || total
-------------------------+-------+-------+-------+-------++-------
Melee: Long sword        |    87 |   173 |   516 |       ||   776
       War axe           |       |       |    47 |   342 ||   389
       Executioner's axe |       |       |       |   380 ||   380
Invok: Sacrifice Arcana  |       |       |       |     1 ||     1
       Sacrifice Essence |       |       |       |     1 ||     1
 Abil: Dig               |     2 |     7 |     9 |    25 ||    43
Evoke: Wand              |       |       |       |     5 ||     5
  Use: Potion            |       |     6 |     3 |    13 ||    22
       Scroll            |       |       |    11 |    14 ||    25
 Stab: Invisible         |       |     1 |     2 |       ||     3
       Confused          |       |       |       |     4 ||     4
  Eat: Chunk             |     2 |     8 |    12 |    26 ||    48
       Bread ration      |       |       |     1 |     7 ||     8
       Meat ration       |       |       |       |     1 ||     1
Armor: Scale mail        |    45 |    78 |   146 |       ||   269
       Plate armour      |       |       |   173 |   457 ||   630
Dodge: Dodged            |    34 |    69 |   193 |   219 ||   515
Block: Shield            |    57 |   109 |   372 |   656 ||  1194
       Rpst.: Long sword |    14 |    28 |    54 |       ||    96
